 Dungeon Crawl Stone Soup version 0.26-a0-670-g578ab304f5 (webtiles) character file.

Game seed: 10122760083927545119

352 Descartes the Chiller (level 6, -3/32 HPs)
             Began as a Deep Elf Ice Elementalist on Oct 18, 2020.
             Was an Initiate of Gozag.
             Slain by an ogre
             ... wielding a +0 giant club
              (15 damage)
             ... on level 5 of the Dungeon on Oct 19, 2020.
             The game lasted 00:12:17 (5945 turns).

Descartes the Chiller (Deep Elf Ice Elementalist)   Turns: 5945, Time: 00:12:18

Health: -3/32      AC:  6    Str:  5    XL:     6   Next: 34%
Magic:  15/15      EV: 14    Int: 22    God:    Gozag
Gold:   241        SH:  0    Dex: 15    Spells: 11/15 levels left

rFire    . . .     SeeInvis .   w - +0 falchion
rCold    . . .     Faith    .   (no shield)
rNeg     + . .     Spirit   .   C - +2 leather armour {MR+}
rPois    .         Reflect  .   (no helmet)
rElec    .         Harm     .   q - +0 cloak
rCorr    .         Rampage  .   (no gloves)
MR       +....                  (no boots)
Stlth    ++........             x - amulet of regeneration
HPRegen  0.50/turn              k - ring of wizardry
MPRegen  0.14/turn              s - ring of positive energy

@: no status effects
A: no striking features
a: Potion Petition, Call Merchant, Bribe Branch, Renounce Religion


You were on level 5 of the Dungeon.
You worshipped Gozag.
Gozag was aware of your devotion.
You visited 2 branches of the dungeon, and saw 6 of its levels.

You collected 290 gold pieces.
You paid 49 gold pieces to Gozag.

Inventory:

Hand Weapons
 w - a +0 falchion (weapon)
Missiles
 c - 104 stones (quivered)
 d - 121 arrows
Armour
 a - a +0 kite shield
 q - a +0 cloak (worn)
 C - a +2 leather armour of magic resistance (worn)
Jewellery
 k - a ring of wizardry (left hand)
 s - a ring of positive energy (right hand)
 x - an amulet of regeneration (around neck)
 y - an uncursed ring of protection from fire {unknown}
Wands
 B - a wand of flame (16)
Scrolls
 b - 4 scrolls of remove curse
 h - 2 scrolls of teleportation {unknown}
 i - a scroll of enchant armour {unknown}
 j - 2 scrolls of identify
 m - 2 scrolls of magic mapping {unknown}
 n - a scroll of random uselessness {unknown}
 o - a scroll of amnesia {unknown}
 p - a scroll of fog {unknown}
 t - 2 scrolls of fear {unknown}
Potions
 e - a potion of magic
 f - a potion of flight
 g - a potion of might
 l - 2 potions of heal wounds
 r - 2 potions of mutation {unknown}
 u - 5 potions of curing {unknown}
 v - a potion of haste
 z - a potion of degeneration
 A - a potion of ambrosia {unknown}
 D - a potion of stabbing {unknown}


   Skills:
 - Level 5.0 Dodging
 - Level 2.4 Stealth
 * Level 1.3 Shields
 - Level 5.0 Spellcasting
 + Level 6.2 Ice Magic


You had 11 spell levels left.
You knew the following spells:

 Your Spells              Type           Power        Failure   Level
a - Freeze                Ice            ####         1%          1
b - Frozen Ramparts       Ice            ####..       1%          3

Your spell library contained the following spells:

 Spells                   Type           Power        Failure   Level
 Ozocubu's Armour         Ice            ####....     1%          3
 Ensorcelled Hibernation  Hex/Ice        ###...       2%          2
 Corona                   Hex            #......      7%          1
 Hailstorm                Conj/Ice       ###.....     19%         4
 Summon Ice Beast         Ice/Summ       ###.....     19%         4
 Confusing Touch          Hex            #.......     21%         3
 Dazzling Flash           Conj/Hex       #.....       21%         3
 Tukima's Dance           Hex            #.......     21%         3


Dungeon Overview and Level Annotations

Branches:
Dungeon (5/15)             Temple (1/1) D:4

Altars:
Ashenzari
Cheibriados
Dithmenos
Elyvilon
Fedhas
Gozag
Hepliaklqana
Makhleb
Nemelex Xobeh
Qazlal
Ru
Sif Muna
Uskayaw
Vehumet
Wu Jian
Xom
Yredelemnul
Zin
The Shining One


Message History

The worker ant zombie is moderately damaged.
There is a stone staircase leading up here.
The worker ant zombie bites you.
You climb upwards.
There is a stone staircase leading down here.
There is an escape hatch in the floor here.
HP restored.
Magic restored.
There is a stone staircase leading down here.
You climb downwards.
An ogre comes into view. It is wielding a +0 giant club.
There is a stone staircase leading up here.
The helpless ogre fails to defend itself.
You hit the ogre.
The ogre is lightly wounded.
The ogre hits you with a +0 giant club!!
Ouch! That really hurt!
The ogre hits you with a +0 giant club!
You die...
Your body crumbles into a pile of gold.

.....
..........
.....
..........
.....
#........
.....
#......#
.....
#......#
.....
#......#
#......#
#.@....#
#..O...#
#......#
########


You could see an ogre.

Vanquished Creatures
  A scorpion (D:4)
  3 hounds (D:4)
  A jelly (D:4)
  An orc wizard (D:4)
  3 adders
  An ooze (D:4)
  3 worms
  2 dart slugs
  5 leopard geckos
  9 orcs
  9 bats
  4 giant cockroaches
  7 goblins
  7 hobgoblins
  16 jackals
  6 kobolds
  2 quokkas
  8 frilled lizards
  7 rats
95 creatures vanquished.

Notes
Turn   | Place    | Note
-------+----------+-------------------------------------------
     0 | D:1      | Descartes the Deep Elf Ice Elementalist began the quest for
                  | the Orb.
     0 | D:1      | Reached XP level 1. HP: 10/10 MP: 6/6
   160 | D:1      | Reached XP level 2. HP: 10/15 MP: 2/8
  1271 | D:2      | Reached XP level 3. HP: 19/19 MP: 8/10
  1355 | D:2      | Learned a level 3 spell: Frozen Ramparts
  1743 | D:2      | Reached skill level 5 in Ice Magic
  2343 | D:3      | Reached XP level 4. HP: 24/24 MP: 6/12
  2473 | D:3      | Upgraded the game from 0.26-a0-667-g92642533e4 to
                  | 0.26-a0-670-g578ab304f5
  3395 | D:4      | Reached XP level 5. HP: 27/28 MP: 8/14
  3463 | D:4      | Found a glowing silver altar of Zin.
  3469 | D:4      | Reached skill level 5 in Spellcasting
  3740 | D:4      | Found a staircase to the Ecumenical Temple.
  3820 | Temple   | Entered the Ecumenical Temple
  3947 | Temple   | Became a worshipper of Gozag Ym Sagoz the Greedy
  4026 | D:4      | Found a radiant altar of Vehumet.
  4375 | D:4      | Reached skill level 5 in Dodging
  4381 | D:4      | Reached skill level 6 in Ice Magic
  4838 | D:4      | Reached XP level 6. HP: 24/32 MP: 10/15
  4958 | D:4      | Found a glowing silver altar of Zin.
  5178 | D:4      | Found a radiant altar of Vehumet.
  5215 | D:4      | Found a staircase to the Ecumenical Temple.
  5604 | D:5      | Entered Level 5 of the Dungeon
  5682 | D:4      | Reached skill level 1 in Shields
  5945 | D:5      | Slain by an ogre

Illustrated notes

Levels and vault maps discovered:
D:1:      saegor_arrival_under_anarchy, layout_loops_ring, minmay_hexomino_f4
D:2:      layout_basic
D:3:      layout_basic, corexii_hall_statues_i
D:4:      layout_basic, vehumet_altar_wand_db, lemuel_crystal_altar,
          minmay_temple_entry_trees
D:5:      layout_gridville, basic_altar, led_xom_imps, uniq_menkaure
Temple:   minmay_crystal_spiral_temple

Skill      XL: |  1  2  3  4  5  6 |
---------------+-------------------+-----
Dodging        | 3 4 5 |  5.0
Spellcasting   | 4 5 |  5.0
Ice Magic      | 5 6 |  6.2
Shields        | 1 |  1.3
Stealth        | |  2.4

Action                   |  1- 3 |  4- 6 || total
-------------------------+-------+-------++-------
Melee: Unarmed           |    12 |     3 ||    15
       Falchion          |       |    33 ||    33
 Cast: Freeze            |    40 |    48 ||    88
       Frozen Ramparts   |    13 |    16 ||    29
  Use: Scroll            |       |     7 ||     7
 Stab: Sleeping          |     2 |     3 ||     5
Armor: Robe              |     9 |     4 ||    13
       Leather armour    |       |     6 ||     6
Dodge: Dodged            |    29 |    51 ||    80
       Rpst.: Falchion   |       |    15 ||    15

Table legend: (Time is in decaauts)
 A = Elapsed time spent in this place.
 B = Non-inter-level travel time spent in this place.
 C = Inter-level travel time spent in this place.
 D = Time resting spent in this place.
 E = Time spent auto-exploring this place.
 F = Levels seen in this place.
 G = Mean time per level.
                   A        B        C        D        E       F      G
               +--------+--------+--------+--------+--------+-----+--------+
         Total |   5956 |   5601 |    355 |      0 |   4826 |   6 |  992.7 |
       Dungeon |   5786 |   5515 |    271 |      0 |   4743 |   5 | 1157.2 |
        Temple |    169 |     85 |     84 |      0 |     83 |   1 |  169.0 |
               +--------+--------+--------+--------+--------+-----+--------+

Top non-repeatable levels by time:
     D:4: 2425 daAuts
     D:2: 1211 daAuts
     D:1: 1095 daAuts
     D:3: 976 daAuts
  Temple: 169 daAuts
     D:5: 77 daAuts
